AoeStats
← lbaquino21

Four Lakes

510107390Analyzed
1v1 RM · 1d ago on Sep 29, 2026· 48m 50s· 2 players
Game mode
Random Map
Map size
Tiny (2 player)
Population
200
Speed
Normal
Resources
Standard
Victory
Conquest
Starting age
Dark Age
Ending age
Imperial Age
RankedLock teamsTeams togetherTeam positionsShared explorationLock speedFull tech treeHidden civsTurbo modeCheats
Victory
Defeat
🇮🇳 Inca · India
413
+18
🇧🇷 Bengalis · Brazil
455
-18
Saira.sihag100
12:01 Feudal Age
14:42 Wheelbarrow
14:54 Double-Bit Axe
15:21 Horse Collar
17:43 Champi Runner
26:48 Gold Mining
29:15 Castle Age
32:08 Hand Cart
32:07 Bow Saw
31:58 Heavy Plow
32:16 Stone Mining
32:24 Champi Warrior
37:52 Gold Shaft Mining
37:53 Stone Shaft Mining
39:31 Forging
39:22 Padded Archer Armor
39:13 Fletching
39:52 Fishing Lines
41:39 Murder Holes
41:55 Fortified Wall
41:36 Heated Shot
44:09 Ballistics
lbaquino21
11:58 Feudal Age
13:47 Double-Bit Axe
15:20 Wheelbarrow
14:33 Loom
25:15 Bloodlines
30:28 Castle Age
32:38 Scale Barding Armor
32:26 Fletching
32:38 Scale Mail Armor
32:40 Padded Archer Armor
33:04 Hand Cart
33:36 Paiks
35:52 Light Cavalry
50:20 Imperial Age
Connection lost

Rejoining the realm…

Still unreachable

The connection could not be restored.

Session expired

The server has moved on; the page needs a fresh start.